Map: Wieczne Imperium ER

Players

SilentStorm

  • Race: Terran Terran
  • League: Diamond
  • Spawn Location: 7:00

kers - Winner!

  • Race: Protoss Protoss
  • League: Platinum
  • Spawn Location: 1:00

VOD

Have the link to the VOD?

Description

Time

  • Played on: March 5, 2020, 1:03 p.m.
  • Length: 16:41
Show
View Real Time Build Order
Export as new Build Order

SilentStorm Terran 

Build Orders: Mech 

Get SALT Encoding   

  12  0:01  SCV  
  13  0:13  SCV  
  14  0:21  Supply Depot  
  14  0:25  SCV  
  15  0:34  Refinery  
  15  0:43  SCV  
  15  0:46  Barracks  
  16  0:55  SCV  
  17  1:07  SCV  
  18  1:23  SCV, Refinery  
  19  1:35  SCV  
  20  1:42  Command Center  
  20  1:46  Reaper  
  21  1:57  Orbital Command  
  21  2:14  Supply Depot  
  21  2:23  SCV  
  22  2:35  SCV, Barracks Reactor  
  22  2:36  Factory  
  23  2:47  SCV  
  24  2:59  SCV  
  24  3:00  Orbital Command  
  25  3:30  Barracks Tech Lab  
  25  3:31  SCV x2  
  25  3:32  Starport  
  27  3:39  Hellion x2  
  31  3:43  SCV x2  
  34  3:55  SCV x2  
  34  3:57  Supply Depot  
  35  4:06  Supply Depot  
  35  4:07  SCV  
  35  4:08  SCV  
  37  4:12  Factory  
  37  4:14  Starport Tech Lab  
  37  4:19  SCV, Fusion Core  
  37  4:20  SCV  
  37  4:23  Hellion x2, Factory  
  43  4:32  SCV x2  
  45  4:44  SCV x2, Hellion x2  
  51  4:54  Refinery  
  51  4:55  Refinery  
  51  4:56  SCV x2  
  51  4:59  Command Center  
  53  5:02  Supply Depot  
  53  5:04  Supply Depot  
  53  5:05  Supply Depot  
  53  5:08  SCV  
  54  5:15  Battlecruiser  
  54  5:21  Factory Tech Lab x2  
  60  5:27  Factory  
  60  5:29  Marine  
  61  5:38  SCV x2  
  63  5:47  Marine  
  64  5:52  Siege Tank x2  
  70  6:24  Barracks Tech Lab, Siege Tank  
  73  6:29  SCV  
  73  6:30  Orbital Command, Factory Tech Lab  
  74  6:48  SCV x2  
  76  7:00  SCV x2  
  76  7:01  Liberator  
  81  7:04  Cyclone  
  81  7:06  Orbital Command  
  84  7:12  SCV x2  
  80  7:43  Liberator  
  83  7:48  Supply Depot  
  83  7:49  Supply Depot  
  83  7:50  SCV, Supply Depot  
  83  7:51  SCV  
  85  7:52  SCV  
  85  7:53  Supply Depot  
  85  7:56  Refinery  
  85  7:57  Refinery  
  86  7:59  Cyclone x4  
  86  8:03  SCV x2  
  86  8:04  SCV  
  101  8:15  SCV x2  
  101  8:16  SCV  
  104  8:20  Infernal Pre-Igniter  
  104  8:22  Mag-Field Accelerator  
  104  8:27  Armory  
  104  8:31  Hellion x2  
  104  8:32  Hellion x2  
  109  9:00  Hellion  
  109  9:01  Hellion x3  
  117  9:05  Supply Depot, Command Center  
  117  9:06  Supply Depot x2  
  117  9:07  Supply Depot  
  117  9:08  Supply Depot  
  117  9:09  Weapon Refit  
  117  9:15  Armory  
  117  9:22  Hellion x4  
  125  9:25  Terran Vehicle Weapons Level 1  
  125  9:33  Combat Shield  
  125  9:41  Supply Depot  
  125  9:43  Hellion  
  125  9:44  Hellion x3  
  133  9:49  Command Center  
  133  10:04  Hellion  
  133  10:05  Hellion x3  
  132  10:09  Terran Vehicle And Ship Armor Level 1  
  132  10:13  Starport  
  137  10:30  Siege Tank  
  137  10:35  Thor x3  
  150  10:43  Engineering Bay  
  150  11:13  Planetary Fortress  
  145  11:25  Thor x2  
  136  11:26  Thor  
  144  11:36  SCV  
  145  11:41  Planetary Fortress  
  145  11:42  SCV  
  145  11:43  SCV  
  147  11:48  SCV  
  148  11:55  SCV x2  
  148  12:00  SCV  
  151  12:02  Starport Reactor  
  151  12:07  SCV x2, Thor  
  159  12:13  SCV  
  160  12:19  SCV x2  
  162  12:24  Thor  
  162  12:25  SCV  
  169  12:31  SCV  
  170  12:38  Refinery  
  170  12:40  Refinery  
  170  12:47  Ghost Academy  
  170  12:48  Terran Vehicle Weapons Level 2  
  170  13:01  Siege Tank x3  
  170  13:03  Hellion x10  
  145  13:45  Command Center  
  145  13:56  Hellion  
  145  13:57  Hellion x3  
  138  14:18  Hellion x4  
  122  14:28  Enhanced Shockwaves  
  101  14:40  SCV x2, Hellion  
  101  14:41  SCV  
  112  14:52  SCV x2  
  108  14:53  SCV  
  108  14:55  Siege Tank  
  108  14:57  Hellion  
  108  14:58  Siege Tank  
  111  15:03  Siege Tank  
  111  15:04  SCV  
  113  15:11  SCV  
  114  15:18  Siege Tank  
  117  15:22  Barracks  
  117  15:23  SCV, Barracks  
  117  15:24  Barracks x3  
  117  15:25  Barracks  
  117  15:26  Barracks  
  117  15:27  Engineering Bay, Barracks  
  118  15:30  Siege Tank  
  118  15:35  SCV, Siege Tank  
  124  15:47  SCV  
  111  15:50  Siege Tank  
  111  15:52  Ghost  
  111  15:56  Supply Depot  
  115  15:57  Supply Depot  
  115  15:58  Supply Depot  
Show
View Real Time Build Order
Export as new Build Order

kers Protoss - Winner!

Build Orders: 1 Gate Expand 

Get SALT Encoding   

  12  0:01  Probe  
  13  0:13  Probe  
  14  0:17  Pylon  
  14  0:25  Probe  
  15  0:37  Probe (Chrono Boost)  
  15  0:38  Gateway  
  16  0:48  Probe (Chrono Boost)  
  17  0:52  Probe (Chrono Boost)  
  18  1:00  Assimilator  
  18  1:03  Probe  
  19  1:15  Probe  
  20  1:26  Nexus  
  20  1:41  Cybernetics Core  
  20  1:44  Pylon  
  20  1:47  Probe  
  21  1:59  Probe  
  21  2:01  Assimilator  
  22  2:11  Probe, Adept  
  22  2:14  Warp Gate (Chrono Boost)  
  25  2:23  Probe  
  25  2:31  Robotics Facility  
  25  2:36  Probe  
  26  2:41  Stalker  
  29  2:44  Probe  
  29  2:48  Probe  
  30  2:56  Probe  
  30  3:00  Probe  
  31  3:08  Probe  
  31  3:12  Probe  
  33  3:21  Probe  
  33  3:23  Observer  
  33  3:24  Probe  
  36  3:30  Pylon  
  36  3:33  Probe, Gateway  
  37  3:35  Gateway  
  37  3:36  Probe  
  38  3:45  Probe, Observer  
  40  3:48  Probe  
  40  3:54  Assimilator  
  41  3:56  Sentry  
  41  3:57  Probe  
  41  3:58  Assimilator  
  41  4:00  Probe  
  45  4:03  Pylon  
  45  4:09  Probe  
  46  4:12  Probe  
  47  4:20  Immortal (Chrono Boost)  
  47  4:21  Probe  
  52  4:24  Probe, Forge  
  53  4:33  Probe  
  53  4:37  Probe  
  55  4:39  Sentry  
  55  4:40  Stalker  
  59  4:55  Stalker  
  61  5:01  Protoss Ground Weapons Level 1 (Chrono Boost)  
  61  5:07  Pylon  
  61  5:09  Probe  
  61  5:10  Twilight Council, Pylon  
  62  5:16  Pylon  
  62  5:25  Probe x2  
  64  5:36  Warp Prism  
  64  5:37  Probe x2  
  64  5:41  Blink (Chrono Boost)  
  68  5:44  Gateway x2  
  68  5:47  Gateway x2  
  68  5:49  Probe  
  69  5:51  Probe  
  69  5:52  Gateway  
  70  5:57  Templar Archives  
  70  6:01  Probe, Sentry  
  70  6:03  Probe  
  74  6:13  Probe  
  74  6:15  Probe, Pylon  
  74  6:16  Pylon  
  76  6:19  Pylon  
  76  6:22  Stalker  
  76  6:25  Probe, Stalker  
  72  6:46  Stalker x4  
  72  6:47  Stalker  
  80  6:58  Psionic Storm  
  80  7:10  Probe x2  
  82  7:21  Photon Cannon  
  82  7:22  Probe x2  
  83  7:23  Shield Battery  
  84  7:34  Probe  
  84  7:35  Probe  
  84  7:40  Stalker x2  
  88  7:59  Pylon  
  88  8:05  Photon Cannon x2  
  88  8:08  Probe x2  
  88  8:10  Nexus  
  90  8:12  Pylon  
  90  8:16  Pylon, High Templar x3  
  90  8:17  High Templar  
  98  8:20  Probe x2  
  98  8:24  Protoss Shields Level 1  
  98  8:26  Pylon  
  98  8:27  Charge (Chrono Boost)  
  100  8:28  Pylon  
  100  8:32  Probe  
  101  8:37  High Templar  
  101  8:38  High Templar  
  102  8:44  Archon  
  102  8:45  Archon  
  102  8:46  Archon  
  102  8:50  Photon Cannon  
  102  8:53  Photon Cannon  
  102  8:56  Shield Battery  
  102  8:57  Assimilator  
  102  9:02  Assimilator  
  102  9:13  Probe x2  
  104  9:25  Probe x3  
  104  9:29  High Templar x4  
  115  9:37  Probe x2  
  115  9:38  Probe  
  118  9:49  Probe, Immortal (Chrono Boost)  
  123  9:54  Probe x2  
  125  10:01  Probe  
  125  10:06  Probe, Zealot x2  
  125  10:07  Zealot x6  
  143  10:18  Probe x3  
  140  10:21  Immortal (Chrono Boost)  
  134  10:30  Protoss Ground Weapons Level 2 (Chrono Boost), Pylon  
  134  10:32  Pylon  
  134  10:35  High Templar x2  
  134  10:36  High Templar x2  
  134  10:37  Gateway  
  134  10:39  Gateway  
  134  10:41  Archon x3  
  134  10:42  Archon, Gateway  
  142  10:44  Gateway  
  142  10:53  Zealot x2  
  142  10:54  Zealot x2  
  150  11:02  Pylon, Observer  
  151  11:04  Pylon  
  151  11:06  Pylon  
  151  11:09  Zealot x4  
  158  11:24  Immortal  
  144  11:40  High Templar x4  
  144  11:43  Probe x2  
  144  11:44  Probe  
  155  12:04  Zealot  
  155  12:05  Zealot x7  
  155  12:29  Archon  
  155  12:35  High Templar x5  
  155  12:36  High Templar  
  167  12:39  Archon x3  
  167  12:51  Immortal  
  167  12:54  Protoss Shields Level 2 (Chrono Boost)  
  171  13:10  Zealot x5  
  171  13:11  Zealot x5  
  180  13:35  Observer  
  180  13:39  Immortal (Chrono Boost)  
  172  13:49  Pylon  
  172  13:50  Pylon  
  172  14:11  Warp Prism  
  121  14:30  High Templar  
  121  14:31  High Templar x7  
  113  14:32  High Templar x3  
  127  14:39  Archon x2  
  127  14:40  Archon x3  
  127  14:44  Zealot  
  129  14:47  Immortal  
  133  14:57  Gateway  
  133  14:59  Gateway  
  133  15:08  Nexus  
  133  15:11  Pylon  
  133  15:13  Pylon, Zealot x4  
  133  15:14  Zealot  
  143  15:17  Assimilator  
  143  15:18  High Templar x4  
  143  15:21  Assimilator  
  151  15:29  Zealot x3  
  157  15:37  Zealot x5, Gateway  
  157  15:39  Gateway  
  167  15:47  Immortal  
  171  15:50  Archon  
  171  15:54  Archon  
  165  15:58  Zealot x4  
  165  15:59  Zealot x5  
  151  16:23  High Templar  
  151  16:24  High Templar x4  
Tags
 
Add a new tag
Caveats
  • Supply blocks, unpowered buildings, or Contaminate may cause inaccurate times.
  • Supply counts are checked every 10 seconds.